HBL
COLORADO SPRINGS SKY FOX @ NASHVILLE SOUNDS
07/09/1997
 
TOP OF THE 1ST
Colorado Springs Sky Fox batting - Pitching for Nashville Sounds : RHP Jaime Navarro
Pitching: RHP Jaime Navarro
Batting: SHB Milt Cuyler 0-0: Swinging Strike
0-1: Ball
1-1: Ball
2-1: Ground out 4-3 (Groundball, 4S, EV 70.0 MPH)
Batting: RHB Andujar Cedeno 0-0: Called Strike
0-1: Ball
1-1: Ball
2-1: Called Strike
2-2: Foul Ball, location: 2F
2-2: Strikes out looking
Batting: LHB Brent Brede 0-0: SOLO HOME RUN (Line Drive, 89XD, EV 100.6 MPH), Distance : 402 ft
Batting: RHB David Doster 0-0: Called Strike
0-1: Foul Ball, location: 2F
0-2: Foul Ball, location: 2F
0-2: Fly out, F8 (Flyball, 8LM, EV 97.5 MPH)
Top of the 1st over - 1 run, 1 hit, 0 errors, 0 left on base; Colorado Springs 1 - Nashville 0
BOTTOM OF THE 1ST
Nashville Sounds batting - Pitching for Colorado Springs Sky Fox : LHP Kirt Ojala
Pitching: LHP Kirt Ojala
Batting: LHB Carlos Mendoza 0-0: Ball
1-0: Ball
2-0: Ball
3-0: Called Strike
3-1: Base on Balls
Batting: RHB Danny Bautista 0-0: Swinging Strike
0-1: Fly out, F9 (Flyball, 9, EV 85.6 MPH)
Batting: RHB Paul Konerko 0-0: Foul Ball, location: 2F
0-1: Ball
1-1: Fly out, F3 (Line Drive, 3, EV 71.3 MPH)
Batting: RHB Eli Marrero 0-0: DOUBLE (Line Drive, 7LS, EV 89.4 MPH)
Carlos Mendoza to third
Runner from 3rd tries for Home, SAFE, no throw by LF
Batting: LHB Ivan Cruz 0-0: Called Strike
0-1: Called Strike
0-2: Foul Ball, location: 2F
0-2: Foul Ball, location: 2F
0-2: Strikes out swinging
Bottom of the 1st over - 1 run, 1 hit, 0 errors, 1 left on base; Colorado Springs 1 - Nashville 1
TOP OF THE 2ND
Colorado Springs Sky Fox batting - Pitching for Nashville Sounds : RHP Jaime Navarro
Batting: RHB Steve Pegues 0-0: Swinging Strike
0-1: Ball
1-1: Foul Ball, location: 2F
1-2: Strikes out swinging
Batting: RHB Julio Mosquera 0-0: Called Strike
0-1: Foul Ball, location: 2F
0-2: Ball
1-2: Strikes out swinging
Batting: RHB Ray Montgomery 0-0: Fly out, F7 (Flyball, 7S, EV 81.3 MPH)
Top of the 2nd over - 0 runs, 0 hits, 0 errors, 0 left on base; Colorado Springs 1 - Nashville 1
BOTTOM OF THE 2ND
Nashville Sounds batting - Pitching for Colorado Springs Sky Fox : LHP Kirt Ojala
Batting: RHB Adam Riggs 0-0: Ball
1-0: Foul Ball, location: 2F
1-1: Ball
2-1: Ball
3-1: Base on Balls
Batting: LHB Ken Ramos 0-0: Foul Ball, location: 2F
0-1: Ball
1-1: Ball
2-1: Foul Ball, location: 2F
2-2: Ball
3-2: Base on Balls
Adam Riggs to second
Batting: SHB Felix Martinez 0-0: Hit by Pitch
Adam Riggs to third
Ken Ramos to second
Batting: RHB Donnell Neal 0-0: SINGLE (Line Drive, 4MD, EV 96.9 MPH)
Adam Riggs scores
Ken Ramos to third
Felix Martinez to second
Batting: LHB Carlos Mendoza 0-0: Called Strike
0-1: Ball
1-1: SINGLE (Groundball, 6D, EV 95.0 MPH)
Ken Ramos scores
Felix Martinez to third
Donnell Neal to second
Batting: RHB Danny Bautista 0-0: Called Strike
0-1: Ball
1-1: Ball
2-1: Fly out, F9 (Flyball, 89S, EV 81.9 MPH)
Batting: RHB Paul Konerko 0-0: Ball
1-0: Ball
2-0: Foul Ball, location: 2F
2-1: Ball
3-1: Foul Ball, location: 2F
3-2: SINGLE (Line Drive, 78M, EV 103.1 MPH)
Felix Martinez scores
Donnell Neal to third
Carlos Mendoza to second
Batting: RHB Eli Marrero 0-0: Ball
1-0: Foul Ball, location: 2F
1-1: Fly out, F3 (Popup, 3SF, EV 71.9 MPH)
Pitching: RHP Darren Hall
Batting: LHB Ivan Cruz 0-0: Ball
1-0: Called Strike
1-1: Ball
2-1: Ball
3-1: Base on Balls
Donnell Neal scores
Carlos Mendoza to third
Paul Konerko to second
Batting: RHB Adam Riggs 0-0: Foul Ball, location: 2F
0-1: Reached on error, E4 (Groundball, 4, EV 102.5 MPH)
Carlos Mendoza scores
Paul Konerko scores
Ivan Cruz to third
Batting: LHB Ken Ramos 0-0: Ball
1-0: Ball
2-0: Ground out 6-3 (Groundball, 6M, EV 100.0 MPH)
Bottom of the 2nd over - 6 runs, 3 hits, 1 error, 2 left on base; Colorado Springs 1 - Nashville 7
TOP OF THE 3RD
Colorado Springs Sky Fox batting - Pitching for Nashville Sounds : RHP Jaime Navarro
Batting: RHB Dan Rohrmeier 0-0: Ground out 5-3 (Groundball, 5L, EV 88.1 MPH)
Batting: RHB Naoki Matoba 0-0: Called Strike
0-1: Swinging Strike
0-2: Ball
1-2: Ground out 4-3 (Groundball, 34, EV 103.8 MPH)
Batting: SHB Milt Cuyler 0-0: Ball
1-0: Fly out, F9 (Flyball, 9LDF, EV 104.4 MPH)
Top of the 3rd over - 0 runs, 0 hits, 0 errors, 0 left on base; Colorado Springs 1 - Nashville 7
BOTTOM OF THE 3RD
Nashville Sounds batting - Pitching for Colorado Springs Sky Fox : RHP Darren Hall
Batting: SHB Felix Martinez 0-0: Called Strike
0-1: Ball
1-1: Ball
2-1: Foul Ball, location: 2F
2-2: Ball
3-2: Strikes out swinging
Batting: RHB Donnell Neal 0-0: SINGLE (Groundball, 4MD, EV 106.3 MPH)
Batting: LHB Carlos Mendoza 0-0: SINGLE (Line Drive, 89S, EV 105.6 MPH)
Donnell Neal to second
Batting: RHB Danny Bautista 0-0: Ball
1-0: Ball
2-0: Ball
3-0: Base on Balls
Donnell Neal to third
Carlos Mendoza to second
Batting: RHB Paul Konerko 0-0: Ball
1-0: Ball
2-0: Called Strike
2-1: Ball
3-1: Grounds into double play, 5-4-3 (Groundball, 56, EV 80.0 MPH)
Bottom of the 3rd over - 0 runs, 2 hits, 0 errors, 2 left on base; Colorado Springs 1 - Nashville 7
TOP OF THE 4TH
Colorado Springs Sky Fox batting - Pitching for Nashville Sounds : RHP Jaime Navarro
Batting: RHB Andujar Cedeno 0-0: Foul Ball, location: 2F
0-1: Foul Ball, location: 2F
0-2: Foul Ball, location: 2F
0-2: Strikes out swinging
Batting: LHB Brent Brede 0-0: Swinging Strike
0-1: Foul Ball, location: 2F
0-2: Ball
1-2: Foul Ball, location: 2F
1-2: Foul Ball, location: 2F
1-2: DOUBLE (Line Drive, 3D, EV 101.3 MPH)
Batting: RHB David Doster 0-0: Fly out, F8 (Line Drive, 8RM, EV 85.6 MPH)
Batting: RHB Steve Pegues 0-0: Called Strike
0-1: Ground out 6-3 (Groundball, 6, EV 103.8 MPH)
Top of the 4th over - 0 runs, 1 hit, 0 errors, 1 left on base; Colorado Springs 1 - Nashville 7
BOTTOM OF THE 4TH
Nashville Sounds batting - Pitching for Colorado Springs Sky Fox : RHP Darren Hall
Batting: RHB Eli Marrero 0-0: Foul Ball, location: 2F
0-1: Ball
1-1: Ball
2-1: Ball
3-1: Called Strike
3-2: Strikes out looking
Batting: LHB Ivan Cruz 0-0: Ball
1-0: Ball
2-0: Called Strike
2-1: Ball
3-1: SINGLE (Groundball, 6D, EV 97.5 MPH)
Batting: RHB Adam Riggs 0-0: Ball
1-0: Swinging Strike
1-1: Foul Ball, location: 2F
1-2: Ball
2-2: Fly out, F8 (Flyball, 8LXD, EV 86.3 MPH)
Batting: LHB Ken Ramos 0-0: Called Strike
0-1: Ball
1-1: Ground out 4-3 (Groundball, 4, EV 105.0 MPH)
Bottom of the 4th over - 0 runs, 1 hit, 0 errors, 1 left on base; Colorado Springs 1 - Nashville 7
TOP OF THE 5TH
Colorado Springs Sky Fox batting - Pitching for Nashville Sounds : RHP Jaime Navarro
Batting: RHB Julio Mosquera 0-0: Ball
1-0: Foul Ball, location: 2F
1-1: Foul Ball, location: 2F
1-2: Ball
2-2: Ball
3-2: Foul Ball, location: 2F
3-2: Foul Ball, location: 2F
3-2: Fly out, F7 (Flyball, 7D, EV 91.9 MPH)
Batting: RHB Ray Montgomery 0-0: Ball
1-0: Swinging Strike
1-1: Fly out, F8 (Flyball, 8RM, EV 88.1 MPH)
Batting: RHB Dan Rohrmeier 0-0: Foul Ball, location: 2F
0-1: Foul Ball, location: 2F
0-2: Ball
1-2: Foul Ball, location: 2F
1-2: Ball
2-2: Strikes out swinging
Top of the 5th over - 0 runs, 0 hits, 0 errors, 0 left on base; Colorado Springs 1 - Nashville 7
BOTTOM OF THE 5TH
Nashville Sounds batting - Pitching for Colorado Springs Sky Fox : RHP Darren Hall
Batting: SHB Felix Martinez 0-0: Called Strike
0-1: Reached on error, E4 (Groundball, 4M, EV 92.5 MPH)
Pitching: LHP Jeff Tabaka
Batting: RHB Donnell Neal 0-0: Ball
1-0: SINGLE (Groundball, 6MD, EV 95.6 MPH)
Felix Martinez to second
Batting: LHB Carlos Mendoza 0-0: Foul Ball, location: 2F
0-1: Called Strike
0-2: SINGLE (Groundball, 6D, EV 111.3 MPH)
Felix Martinez to third
Donnell Neal to second
Runner from 3rd tries for Home, SAFE, throw by LF to trailing runner, OUT at third! 7-5
Batting: RHB Danny Bautista 0-0: Ball
1-0: Called Strike
1-1: Ball
2-1: Swinging Strike
2-2: SINGLE (Groundball, 56, EV 83.1 MPH) (infield hit)
Carlos Mendoza to second
Batting: RHB Paul Konerko 0-0: Called Strike
0-1: Swinging Strike
0-2: Ball
1-2: Fly out, F7 (Flyball, 7D, EV 108.1 MPH)
Batting: RHB Eli Marrero 0-0: Ball
1-0: Ball
2-0: SINGLE (Flyball, 9S, EV 91.3 MPH)
Carlos Mendoza to third
Danny Bautista to second
Runner from 3rd tries for Home, SAFE, throw by RF to home
Batting: LHB Ivan Cruz 0-0: Called Strike
0-1: Called Strike
0-2: Strikes out swinging
Bottom of the 5th over - 2 runs, 4 hits, 1 error, 2 left on base; Colorado Springs 1 - Nashville 9
TOP OF THE 6TH
Colorado Springs Sky Fox batting - Pitching for Nashville Sounds : RHP Jaime Navarro
Batting: RHB Naoki Matoba 0-0: Called Strike
0-1: Ball
1-1: Ball
2-1: Ball
3-1: Called Strike
3-2: Foul Ball, location: 2F
3-2: Strikes out looking
Batting: SHB Milt Cuyler 0-0: Fly out, F8 (Flyball, 8LM, EV 91.3 MPH)
Batting: RHB Andujar Cedeno 0-0: Ball
1-0: Called Strike
1-1: Ball
2-1: Called Strike
2-2: Ball
3-2: Base on Balls
Batting: LHB Brent Brede 0-0: Swinging Strike
0-1: Fly out, F8 (Flyball, 8RXD, EV 100.6 MPH)
Top of the 6th over - 0 runs, 0 hits, 0 errors, 1 left on base; Colorado Springs 1 - Nashville 9
BOTTOM OF THE 6TH
Nashville Sounds batting - Pitching for Colorado Springs Sky Fox : LHP Jeff Tabaka
Batting: RHB Adam Riggs 0-0: Called Strike
0-1: Ball
1-1: Foul Ball, location: 2F
1-2: Fly out, F9 (Flyball, 9LS, EV 75.6 MPH)
Batting: LHB Ken Ramos 0-0: Swinging Strike
0-1: Ball
1-1: Foul Ball, location: 2F
1-2: Ground out 4-3 (Groundball, 4, EV 107.5 MPH)
Batting: SHB Felix Martinez 0-0: Foul Ball, location: 2F
0-1: Swinging Strike
0-2: Ball
1-2: SINGLE (Flyball, 9LS, EV 95.6 MPH)
Batting: RHB Donnell Neal 0-0: Foul Ball, location: 2F
0-1: Fielders Choice at 2nd, 5-4 (Groundball, 56, EV 85.0 MPH)
Bottom of the 6th over - 0 runs, 1 hit, 0 errors, 1 left on base; Colorado Springs 1 - Nashville 9
TOP OF THE 7TH
Colorado Springs Sky Fox batting - Pitching for Nashville Sounds : RHP Jaime Navarro
Pinch Hitting: LHB Tom M. Foley 0-0: Foul Ball, location: 2F
0-1: Ball
1-1: Swinging Strike
1-2: Strikes out swinging
Pitching: RHP Don Wengert
Batting: RHB Steve Pegues 0-0: Called Strike
0-1: Foul Ball, location: 2F
0-2: Fly out, F8 (Flyball, 8RS, EV 88.8 MPH)
Batting: RHB Julio Mosquera 0-0: Ball
1-0: Ball
2-0: Called Strike
2-1: SOLO HOME RUN (Line Drive, 7D, EV 100.0 MPH), Distance : 398 ft
Batting: RHB Ray Montgomery 0-0: Swinging Strike
0-1: Ball
1-1: Called Strike
1-2: Ball
2-2: Ground out 4-3 (Groundball, 4, EV 76.9 MPH)
Top of the 7th over - 1 run, 1 hit, 0 errors, 0 left on base; Colorado Springs 2 - Nashville 9
BOTTOM OF THE 7TH
Nashville Sounds batting - Pitching for Colorado Springs Sky Fox : LHP Jeff Tabaka
Now at 2B: Tom M. Foley
Batting: LHB Carlos Mendoza 0-0: Swinging Strike
0-1: Called Strike
0-2: Strikes out swinging
Pitching: LHP Heath Murray
Pinch Hitting: LHB Larry Sutton 0-0: Swinging Strike
0-1: Fly out, F7 (Flyball, 7S, EV 83.8 MPH)
Batting: RHB Paul Konerko 0-0: Fly out, F9 (Line Drive, 9, EV 86.9 MPH)
Bottom of the 7th over - 0 runs, 0 hits, 0 errors, 0 left on base; Colorado Springs 2 - Nashville 9
TOP OF THE 8TH
Colorado Springs Sky Fox batting - Pitching for Nashville Sounds : RHP Don Wengert
Now in RF: Larry Sutton
Batting: RHB Dan Rohrmeier 0-0: Ball
1-0: Ball
2-0: Foul Ball, location: 2F
2-1: Ground out 6-3 (Groundball, 56, EV 103.8 MPH)
Batting: RHB Naoki Matoba 0-0: Ball
1-0: Called Strike
1-1: Ground out 6-3 (Groundball, 56, EV 103.8 MPH)
Batting: SHB Milt Cuyler 0-0: Ball
1-0: Called Strike
1-1: Ball
2-1: Ball
3-1: Ground out 1-3 (Groundball, P, EV 85.0 MPH)
Top of the 8th over - 0 runs, 0 hits, 0 errors, 0 left on base; Colorado Springs 2 - Nashville 9
BOTTOM OF THE 8TH
Nashville Sounds batting - Pitching for Colorado Springs Sky Fox : LHP Heath Murray
Batting: RHB Eli Marrero 0-0: Ball
1-0: Ball
2-0: Swinging Strike
2-1: Foul Ball, location: 2F
2-2: Ball
3-2: Foul Ball, location: 2F
3-2: Base on Balls
Batting: LHB Ivan Cruz 0-0: Ball
1-0: Foul Ball, location: 2F
1-1: Fly out, F7 (Flyball, 7D, EV 95.0 MPH)
Batting: RHB Adam Riggs 0-0: Foul Ball, location: 2F
0-1: Ball
1-1: Called Strike
1-2: Strikes out swinging
Batting: LHB Ken Ramos 0-0: SINGLE (Line Drive, 8RS, EV 100.6 MPH)
Eli Marrero to second
Batting: SHB Felix Martinez 0-0: Ball
1-0: Called Strike
1-1: Ball
2-1: Ball
3-1: Base on Balls
Eli Marrero to third
Ken Ramos to second
Batting: RHB Donnell Neal 0-0: Called Strike
0-1: Ball
1-1: Ball
2-1: Foul Ball, location: 2F
2-2: Ground out 4-3 (Groundball, 4, EV 84.4 MPH)
Bottom of the 8th over - 0 runs, 1 hit, 0 errors, 3 left on base; Colorado Springs 2 - Nashville 9
TOP OF THE 9TH
Colorado Springs Sky Fox batting - Pitching for Nashville Sounds : RHP Don Wengert
Batting: RHB Andujar Cedeno 0-0: Fly out, F7 (Flyball, 7S, EV 81.9 MPH)
Batting: LHB Brent Brede 0-0: Ground out 4-3 (Groundball, 34, EV 80.6 MPH)
Batting: LHB Tom M. Foley 0-0: Called Strike
0-1: SINGLE (Line Drive, 7S, EV 105.6 MPH)
Batting: RHB Steve Pegues 0-0: Fly out, F6 (Popup, 6MS, EV 79.4 MPH)
Top of the 9th over - 0 runs, 1 hit, 0 errors, 1 left on base; Colorado Springs 2 - Nashville 9
Friday, March 6th, 2026 - OOTP Baseball 20.8 Build 74